 Dungeon Crawl Stone Soup version 0.24.1-11-gbbbb2193e6 (webtiles) character file.

Game seed: 14488823420514426820, levelgen mode: deterministic

4366 Peloso the Carver (level 10, 76/76 HPs)
             Began as a Demonspawn Fighter on May 14, 2020.
             Was a Believer of Okawaru.
             Got out of the dungeon alive.
             The game lasted 00:20:50 (8563 turns).

Peloso the Carver (Demonspawn Fighter)              Turns: 8563, Time: 00:20:51

Health: 76/76      AC: 16    Str: 19    XL:     10   Next: 13%
Magic:  10/10      EV:  7    Int: 10    God:    Okawaru [**....]
Gold:   412        SH: 17    Dex: 18    Spells: 9/9 levels left

rFire    . . .     SeeInvis .   a - +0 long sword
rCold    . . .     Gourm    .   c - +0 shield
rNeg     . . .     Faith    .   l - +0 chain mail
rPois    .         Spirit   .   (helmet restricted)
rElec    .         Reflect  .   (no cloak)
rCorr    .         Harm     .   (no gloves)
MR       .....                  E - +0 pair of boots {Stlth+}
Stlth    ..........             (no amulet)
HPRegen  0.22/turn              g - +5 ring of protection
MPRegen  0.12/turn              y - +5 ring of dexterity

@: no status effects
A: horns 1, large bone plates 2, powered by death 2, powered by pain 2
a: Heroism, Renounce Religion


You escaped.
You worshipped Okawaru.
Okawaru was pleased with you.
You were not hungry.

You visited 2 branches of the dungeon, and saw 12 of its levels.
You also visited: Ossuary.

You collected 412 gold pieces.

Inventory:

Hand Weapons
 a - a +0 long sword (weapon)
Armour
 b - a +0 scale mail
 c - a +0 shield (worn)
 l - a +0 chain mail (worn)
 o - a +0 helmet
 E - a +0 pair of boots of stealth (worn)
Jewellery
 d - an uncursed ring of stealth
 g - a +5 ring of protection (left hand)
 i - an uncursed ring of positive energy
 p - an uncursed ring of resist corrosion
 v - an uncursed ring of magical power
 y - a +5 ring of dexterity (right hand)
 A - a +3 ring of protection
 I - an uncursed ring of poison resistance {unknown}
Wands
 B - a wand of digging (3)
 H - a wand of flame (8)
Scrolls
 e - 2 scrolls of identify
 h - 4 scrolls of remove curse
 k - a scroll of fog
 n - 4 scrolls of enchant armour
 q - 2 scrolls of enchant weapon
 r - 2 scrolls of blinking
 s - 4 scrolls of teleportation
 u - a scroll of noise
 x - a scroll of fear
 z - 4 scrolls of magic mapping
Potions
 j - a potion of agility
 m - 2 potions of mutation
 t - 2 potions of heal wounds
 w - 3 potions of cancellation
 C - 3 potions of brilliance
 D - 2 potions of curing
 F - a potion of might
 G - 3 potions of magic
 J - a potion of experience {unknown}
 K - 2 potions of resistance
Comestibles
 f - 7 rations


   Skills:
 + Level 5.8 Fighting
 + Level 8.8 Long Blades
 + Level 6.0 Armour
 + Level 1.8 Dodging
 + Level 0.6 Stealth
 + Level 7.8 Shields
 + Level 1.1 Invocations


You had 9 spell levels left.
You didn't know any spells.
Your spell library contained the following spells:

 Spells                   Type           Power        Failure   Level  Hunger
 Bolt of Magma            Conj/Fire/Erth #.........   100%        5    ######.
 Iskenderun's Battlesphe  Conj/Chrm      #.......     100%        5    ######.
 Venom Bolt               Conj/Pois      #.........   100%        5    ######.
 Iron Shot                Conj/Erth      #.........   100%        6    #######
 Orb of Destruction       Conj           #.........   100%        7    #######
 Spellforged Servitor     Conj/Summ      #.........   100%        7    #######


Dungeon Overview and Level Annotations

Branches:
Dungeon (11/15)            Temple (1/1) D:7         Ossuary (visited)
   Lair: D:8-11         Orc: D:9-12

Altars:
Ashenzari
Cheibriados
Dithmenos
Elyvilon
Fedhas
Gozag
Hepliaklqana
Kikubaaqudgha
Makhleb
Nemelex Xobeh
Okawaru
Qazlal
Ru
Sif Muna
Trog
Uskayaw
Vehumet
Wu Jian
Xom
Yredelemnul
Zin
The Shining One

Shops:
D:4 [

Annotations:
D:7 Prince Ribbit
D:10 3 runed translucent doors, zig's ghost, journeyman HOFi


Innate Abilities, Weirdness & Mutations

You have a pair of small horns on your head.
You are mostly covered in large bone plates. (SH +6)
You regenerate health from kills.
You sometimes gain power by taking damage.


Message History

You climb upwards.
There is a stone staircase leading down here.
There is a stone staircase leading up here.
You climb upwards.
There is a stone staircase leading down here.
There is a stone staircase leading up here.
You climb upwards.
There is a stone staircase leading down here.
There is a stone staircase leading up here.
You climb upwards.
There is a stone staircase leading down here.
There is a stone staircase leading up here.
You climb upwards.
There is a stone staircase leading down here.
You see here a robe.
You open the door.
There is an open door here.
There is a staircase leading out of the dungeon here.
Are you sure you want to leave the Dungeon?
This will make you lose the game!
You have escaped!

...........#.#.##.########.#.#
....#####..#.#.##.#..>...#.#.#
....##.##..#.#.##.#........#.#
....##.....#...##.######.###.##
....##.###..........# #.#....#
###....# ####..###### #.#.####
#.#### ##.....# #.#.### #.#
#.###.# #.#...# #.# #.'@'.#
#.#.#.# #.# ####### #.#.#.# #.#
#.###.# #.# #.....# #.# #######
#.# ###.# ....# #####


There were no monsters in sight!

Vanquished Creatures
  A troll (D:6)
  2 hippogriffs (D:8)
  A wyvern (D:8)
  Sigmund (D:3)
  Menkaure (D:4)
  Edmund (D:3)
  Duvessa (D:7)
  An orc warrior (D:8)
  A black bear (D:7)
  2 ice beasts (D:4)
  A sky beast (D:6)
  A necrophage (D:8)
  5 centaurs
  2 bullfrogs
  A wyvern zombie (D:10)
  Dowan (D:7)
  4 water moccasin zombies (Ossuary)
  A scorpion (D:8)
  2 jellies
  4 wights (D:8)
  4 killer bees (D:7)
  A howler monkey (D:4)
  2 crimson imps
  A bullfrog zombie (D:5)
  2 centaur zombies
  A quasit (D:6)
  A hound (D:4)
  5 orc priests
  A centaur skeleton (D:5)
  10 orc wizards
  2 bullfrog skeletons
  An iguana (D:6)
  Ijyb (D:3)
  2 worker ants (D:4)
  3 big kobold zombies (Ossuary)
  A hound zombie (D:8)
  2 mummies (Ossuary)
  A worker ant zombie (D:6)
  Robin (D:3)
  8 adders
  A shadow imp (D:7)
  2 oozes (D:4)
  9 adder zombies
  3 adder skeletons
  5 worms
  2 dart slugs
  8 leopard geckos
  26 orcs
  3 giant cockroaches
  5 gnoll zombies (Ossuary)
  14 goblins
  3 hobgoblins
  8 jackals
  7 kobolds
  2 quokkas
  3 ball pythons
  2 bats (D:1)
  7 frilled lizards
  A giant cockroach zombie (D:5)
  2 goblin zombies (D:4)
  6 hobgoblin zombies
  2 jackal skeletons
  2 kobold skeletons (D:4)
  6 kobold zombies
  4 orc zombies
  10 rats
  4 bushes (D:1)
231 creatures vanquished.

Notes
Turn   | Place    | Note
-------+----------+-------------------------------------------
     0 | D:1      | Peloso the Demonspawn Fighter began the quest for the Orb.
     0 | D:1      | Reached XP level 1. HP: 18/18 MP: 1/1
   126 | D:1      | Gained mutation: You sometimes gain a little power by
                  | taking damage. [demonic ancestry]
   126 | D:1      | Reached XP level 2. HP: 24/24 MP: 2/2
   344 | D:1      | Reached skill level 2 in Long Blades
  1389 | D:2      | Gained mutation: You regenerate a little health from kills.
                  | [demonic ancestry]
  1389 | D:2      | Reached XP level 3. HP: 29/29 MP: 3/3
  1637 | D:2      | Gained mutation: You regenerate health from kills. [demonic
                  | ancestry]
  1637 | D:2      | Reached XP level 4. HP: 28/35 MP: 4/4
  2194 | D:3      | Noticed Sigmund
  2218 | D:3      | Killed Sigmund
  2218 | D:3      | Reached skill level 3 in Long Blades
  2218 | D:3      | Gained mutation: You are partially covered in large bone
                  | plates. (SH +4) [demonic ancestry]
  2218 | D:3      | Reached XP level 5. HP: 34/41 MP: 5/5
  2373 | D:3      | Noticed Ijyb
  2390 | D:3      | Killed Ijyb
  2532 | D:3      | Noticed Robin
  2553 | D:3      | Reached XP level 6. HP: 46/48 MP: 6/6
  2558 | D:3      | Killed Robin
  2951 | D:4      | Noticed Edmund
  3044 | D:3      | Killed Edmund
  3044 | D:3      | Reached skill level 4 in Long Blades
  3125 | D:4      | Gained mutation: You sometimes gain power by taking damage.
                  | [demonic ancestry]
  3125 | D:4      | Reached XP level 7. HP: 44/53 MP: 7/7
  3206 | D:4      | Found Paeloap's Armour Shop.
  3469 | D:4      | Found a glowing golden altar of the Shining One.
  3615 | D:4      | Noticed Menkaure
  3632 | D:4      | Killed Menkaure
  3632 | D:4      | Reached skill level 5 in Long Blades
  3879 | D:5      | Entered Level 5 of the Dungeon
  4373 | D:5      | Found a shadowy altar of Dithmenos.
  4583 | D:4      | Reached XP level 8. HP: 41/60 MP: 8/8
  4594 | D:4      | Reached skill level 6 in Long Blades
  4863 | D:6      | Reached skill level 1 in Dodging
  4863 | D:6      | Reached skill level 5 in Shields
  5029 | D:6      | Reached skill level 5 in Armour
  5120 | D:6      | Noticed a troll
  5138 | D:6      | Killed a troll
  5269 | D:6      | Found a sand-covered staircase.
  5278 | Ossuary  | Entered an ossuary
  5417 | Ossuary  | Reached skill level 7 in Long Blades
  5417 | Ossuary  | Gained mutation: You are mostly covered in large bone
                  | plates. (SH +6) [demonic ancestry]
  5417 | Ossuary  | Reached XP level 9. HP: 62/66 MP: 9/9
  6157 | D:7      | Found a staircase to the Ecumenical Temple.
  6171 | Temple   | Entered the Ecumenical Temple
  6294 | Temple   | Became a worshipper of Warmaster Okawaru
  6355 | D:7      | Noticed Duvessa
  6372 | D:7      | Killed Duvessa
  6372 | D:7      | Reached skill level 5 in Fighting
  6372 | D:7      | Noticed Dowan
  6387 | D:7      | Killed Dowan
  6898 | D:7      | Noticed Prince Ribbit
  7502 | D:8      | Reached skill level 8 in Long Blades
  7512 | D:8      | Reached * piety under Okawaru
  7935 | D:8      | Reached skill level 1 in Invocations
  7996 | D:8      | Reached ** piety under Okawaru
  7996 | D:8      | Gained mutation: You have a pair of small horns on your
                  | head. [demonic ancestry]
  7996 | D:8      | Reached XP level 10. HP: 61/76 MP: 10/10
  8317 | D:10     | Entered Level 10 of the Dungeon
  8339 | D:10     | Noticed zig's ghost (journeyman HOFi)
  8348 | D:10     | Found a runed translucent gate.
  8348 | D:10     | Found a runed translucent gate.
  8350 | D:10     | Found a runed translucent gate.
  8563 | D:$      | Got out of the dungeon alive.

Levels and vault maps discovered:
D:1:      dpeg_arrival_tiny_c, layout_basic, lexackson_kobold_supper
D:2:      layout_basic
D:3:      layout_loops_ring, minmay_misc_feat_x, minmay_increasing_density,
          uniq_sigmund, uniq_robin, uniq_ijyb
D:4:      layout_loops_ring, serial_shops, shop, first_ration,
          minmay_liquid_box, nicolae_tso_besieged_by_evil, uniq_edmund,
          uniq_menkaure
D:5:      layout_rooms, nicolae_dithmenos_through_a_glass_darkly
D:6:      layout_gridville, nicolae_ossuary_entry_ruins
D:7:      layout_basic, minmay_temple_entry_slanted, uniq_prince_ribbit1,
          uniq_duvessa
D:8:      layout_loops_ring, nemelex_lonely_heart_becter
D:9:      layout_rooms, orc_0_dummy, grunt_livestock, minivault_11,
          kb_lookout_dungeons_type, kennysheep_pointless_box
D:10:     layout_basic, lair_entry_dummy, gammafunk_ghost_split,
          chequers_serial_rivers_micro_b
D:11:     layout_irregular_city, serial_shops, nicolae_shop_crystal,
          hangedman_feature_mirror, uniq_urug
Temple:   kilobyte_greek_temple

Skill      XL: |  1  2  3  4  5  6  7  8  9 10 |
---------------+-------------------------------+-----
Armour         | 3 4 5 6 |  6.0
Long Blades    | 2 3 4 5 7 8 |  8.8
Shields        | 3 4 6 7 |  7.8
Fighting       | 4 5 |  5.8
Dodging        | 1 |  1.8
Invocations    | 1 |  1.1
Stealth        | |  0.6

Action                   |  1- 3 |  4- 6 |  7- 9 | 10-12 || total
-------------------------+-------+-------+-------+-------++-------
Melee: Long sword        |   420 |   195 |   808 |    73 ||  1496
       Headbutt          |       |       |       |    19 ||    19
Invok: Heroism           |       |       |     1 |       ||     1
Evoke: Wand              |       |       |     1 |       ||     1
  Use: Potion            |       |     1 |     8 |       ||     9
       Scroll            |       |     1 |    15 |       ||    16
  Eat: Ration            |     1 |     1 |     1 |       ||     3
       Chunk             |       |     1 |    15 |     2 ||    18
Armor: Scale mail        |    28 |       |       |       ||    28
       Chain mail        |    64 |    96 |   397 |    23 ||   580
Dodge: Dodged            |    28 |    31 |   165 |    17 ||   241
Block: Shield            |    69 |   150 |   692 |    79 ||   990
       Rpst.: Long sword |    12 |     7 |    51 |     6 ||    76
